 Dungeon Crawl Stone Soup version 0.30.0-29-ga12c61a403 (webtiles) character file.

Game seed: 1008527562921695084

258 qw the Chopper (level 6, -5/38 HPs)
             Began as a Gargoyle Fighter on June 5, 2023.
             Slain by Robin
             ... wielding a +3 antimagic dagger
              (7 damage)
             ... on level 3 of the Dungeon.
             The game lasted 00:01:20 (1831 turns).

qw the Chopper (Gargoyle Fighter)                   Turns: 1831, Time: 00:01:21

Health: -5/38      AC: 15    Str: 22    XL:     6   Next: 16%
Magic:  6/6        EV:  6    Int:  8    God:
Gold:   134        SH:  4    Dex:  9    Spells: 5/5 levels left

rFire   . . .        Y - +0 war axe
rCold   . . .        c - +0 buckler
rNeg    + . .        f - +0 plate armour
rPois   inf          (no helmet)
rElec   +            (no cloak)
rCorr   .            (no gloves)
SInv    .            (no boots)
Will    .....        (no amulet) Stlth
                     (no ring)
HPRegen 0.26/turn    (no ring)
MPRegen 0.10/turn

%: no passive effects
@: no status effects
A: sickness immunity, AC +4, negative energy resistance 1, electricity
resistance, torment resistance 1, petrification resistance
a: no special abilities


You were on level 3 of the Dungeon.
You visited 1 branch of the dungeon, and saw 3 of its levels.

You collected 134 gold pieces.


Innate Abilities, Weirdness & Mutations

You are immune to sickness and miasma.
Your stone body is resilient. (AC +4)
You are immune to poison.
You resist negative energy. (rN+)
You are resistant to electric shocks. (rElec)
You are resistant to unholy torment.
You are immune to petrification.


   Skills:
 - Level 4.2 Fighting
 + Level 5.2 Axes
 - Level 3.2 Armour
 - Level 3.2 Shields


You had 5 spell levels left.
You didn't know any spells.
Your spell library was empty.

Inventory:

Hand Weapons
 a - a +0 flail
 Y - a +0 war axe (weapon)
Armour
 c - a +0 buckler (worn)
 f - a +0 plate armour (worn)
Scrolls
 h - a scroll of identify
Potions
 b - a potion of brilliance {unknown}
 d - a potion of might
 e - a potion of cancellation
 g - a potion of curing {unknown}
 j - a potion of lignification {unknown}

Dungeon Overview and Level Annotations

Branches:
Dungeon (3/15)

Altars:

Annotations:
D:3 Robin


Message History

You hit the goblin.
You kill the goblin!
The goblin hits you but does no damage.
Robin zaps a wand.
The bolt of light hits the goblin!
The goblin dies!
The bolt of light hits you!
You are confused.
The goblin hits you but does no damage. The goblin hits you but does no damage.
A hobgoblin comes into view.
Robin zaps a wand.
The bolt of light hits the goblin!
The goblin dies!
The bolt of light hits you.
You are more confused.
The goblin hits you but does no damage. The goblin hits you but does no damage.
The goblin hits you with a +1 dagger of freezing.
The goblin freezes you. The goblin hits you with a +0 club.
The goblin barely misses you.
Robin says, "Bow before me, strongest of all the hobgoblins!"
Robin drinks a potion.
Robin seems to grow stronger.
The goblin hits you but does no damage.
The goblin hits you with a +1 dagger of freezing.
The goblin freezes you.
You feel less confused. The goblin hits you with a +0 dagger.
The goblin barely misses you. The goblin hits you but does no damage.
You slash the goblin!
You kill the goblin!
You slash the goblin!
You kill the goblin!
You hit Robin. You closely miss the goblin. Robin barely misses you.
The goblin hits you but does no damage.
A goblin comes into view. It is wielding a +0 club.
You barely miss Robin.
Robin is moderately wounded.
You hit the goblin.
You kill the goblin!
Robin hits you with a +3 antimagic dagger!
You die...

.......##......#
.......##.####.#
.......##.# #.#
######.##.# #.#
.....#.##.# #.#
...#......####.######...
##.###.#................
.# #.#..#....).##....# .
#.#..#....)@# ..#
..#..#...gg)# #
.........g##..
#####.###g....#.
...........# .
...##..g...# .##... .#
.. ..


You could see Robin (strong), 2 hobgoblins and a goblin (strong).

Vanquished Creatures
  Terence (D:3)
  5 orc wizards
  3 worms
  3 dart slugs
  11 orcs
  3 bats
  5 endoplasms
  6 giant cockroaches
  11 goblins
  4 hobgoblins (D:2)
  4 jackals (D:2)
  A quokka (D:3)
  7 ball pythons
  3 frilled lizards
  8 kobolds
  4 rats
79 creatures vanquished.

Vanquished Creatures (others)
  2 goblins (D:3)
2 creatures vanquished.

Grand Total: 81 creatures vanquished

Notes
Turn   | Place    | Note
-------+----------+-------------------------------------------
     0 | D:1      | qw the Gargoyle Fighter began the quest for the Orb.
     0 | D:1      | Reached XP level 1. HP: 14/14 MP: 1/1
     0 | D:1      | 0 ||| qw: Version: 0.2-a-108-gee2c290
     0 | D:1      | 0 ||| qw: Game counter: 1359
     0 | D:1      | 0 ||| qw: Always use a shield: true
     0 | D:1      | 0 ||| qw: God list: Okawaru
     0 | D:1      | 0 ||| qw: Allow faded altars: false
     0 | D:1      | 0 ||| qw: Do Orc after D:15 true
     0 | D:1      | 0 ||| qw: Do second Lair branch before Depths: true
     0 | D:1      | 0 ||| qw: Lair rune preference: random
     0 | D:1      | 0 ||| qw: Plans: Normal, Zot:1-4, Slime:5, God:TSO, Crypt,
                  | Tomb, Abyss, Pan, Hells, Win
     0 | D:1      | 0 ||| PLANNING D:1-11
    49 | D:1      | Reached skill level 2 in Axes
   132 | D:1      | Reached XP level 2. HP: 19/19 MP: 2/2
   184 | D:1      | 184 ||| Stepping ~*~*~tactically~*~*~ (stealth).
   413 | D:1      | Reached skill level 3 in Axes
   460 | D:1      | 460 ||| DROPPING +0 whip.
   479 | D:1      | Reached XP level 3. HP: 23/23 MP: 3/3
   606 | D:1      | 606 ||| UPGRADING to +0 plate armour.
   616 | D:1      | 616 ||| DROPPING +0 scale mail.
   617 | D:1      | 617 ||| READING scroll labelled BORIMP LINNIF.
   631 | D:1      | 631 ||| READING scroll labelled UMNAIW GYTIAKK.
   697 | D:2      | 697 ||| Stepping ~*~*~tactically~*~*~ (stealth).
   705 | D:2      | 705 ||| Stepping ~*~*~tactically~*~*~ (stealth).
   707 | D:2      | 707 ||| Stepping ~*~*~tactically~*~*~ (stealth).
   714 | D:2      | 714 ||| Stepping ~*~*~tactically~*~*~ (stealth).
   715 | D:2      | 715 ||| Stepping ~*~*~tactically~*~*~ (stealth).
   733 | D:2      | Reached XP level 4. HP: 24/28 MP: 4/4
   743 | D:2      | Reached skill level 4 in Axes
   851 | D:2      | 851 ||| Stepping ~*~*~tactically~*~*~ (hiding).
   853 | D:2      | 853 ||| Stepping ~*~*~tactically~*~*~ (hiding).
   870 | D:2      | 870 ||| Stepping ~*~*~tactically~*~*~ (stealth).
  1047 | D:2      | 1047 ||| Stepping ~*~*~tactically~*~*~ (stealth).
  1096 | D:2      | 1096 ||| Stepping ~*~*~tactically~*~*~ (stealth).
  1274 | D:2      | 1274 ||| READING scroll labelled ASOAGI TE BIATS.
  1275 | D:2      | 1275 ||| READING scroll labelled PUQOUD POUFOHI.
  1276 | D:2      | 1276 ||| READING 3 scrolls labelled TUQOHURYTEL.
  1277 | D:2      | 1277 ||| READING scroll labelled DOMAGOZX SIFOK.
  1278 | D:2      | 1278 ||| READING 2 scrolls of identify.
  1278 | D:2      | 1278 ||| IDENTIFYING fizzy emerald potion
  1314 | D:3      | 1314 ||| Stepping ~*~*~tactically~*~*~ (hiding).
  1315 | D:3      | 1315 ||| Stepping ~*~*~tactically~*~*~ (hiding).
  1322 | D:3      | Reached XP level 5. HP: 31/32 MP: 5/5
  1327 | D:3      | 1327 ||| Stepping ~*~*~tactically~*~*~ (stealth).
  1331 | D:3      | 1331 ||| Stepping ~*~*~tactically~*~*~ (stealth).
  1332 | D:3      | 1332 ||| Stepping ~*~*~tactically~*~*~ (stealth).
  1333 | D:3      | 1333 ||| Stepping ~*~*~tactically~*~*~ (stealth).
  1339 | D:3      | 1339 ||| Stepping ~*~*~tactically~*~*~ (stealth).
  1342 | D:3      | 1342 ||| Stepping ~*~*~tactically~*~*~ (stealth).
  1349 | D:3      | 1349 ||| DROPPING +3 mace.
  1377 | D:3      | Noticed Terence
  1383 | D:3      | Killed Terence
  1384 | D:3      | Reached skill level 5 in Axes
  1515 | D:3      | 1515 ||| Stepping ~*~*~tactically~*~*~ (stealth).
  1711 | D:3      | Reached XP level 6. HP: 38/38 MP: 6/6
  1745 | D:3      | 1745 ||| Stepping ~*~*~tactically~*~*~ (stealth).
  1815 | D:3      | 1815 ||| Stepping ~*~*~tactically~*~*~ (stealth).
  1817 | D:3      | 1817 ||| Stepping ~*~*~tactically~*~*~ (stealth).
  1817 | D:3      | Noticed Robin
  1818 | D:3      | 1818 ||| Stepping ~*~*~tactically~*~*~ (stealth).
  1827 | D:3      | HP: 8/38 [goblin/+0 club[Robin] (5)]
  1829 | D:3      | HP: 1/38 [goblin/+0 dagger[Robin] (5)]
  1831 | D:3      | Slain by Robin

Levels and vault maps discovered:
D:1:      ncdulo_lavacross, layout_rooms
D:2:      layout_basic
D:3:      layout_basic, uniq_terence, uniq_robin

Skill      XL: |  1  2  3  4  5 |
---------------+----------------+-----
Axes           | 2 3 4 5 |  5.2
Fighting       | 4 |  4.2
Armour         | |  3.2
Shields        | |  3.2

Action                     |  1- 3 |  4- 6 || total
---------------------------+-------+-------++-------
  Melee: War axe           |   103 |   122 ||   225
  Throw: Boomerang         |       |    23 ||    23
    Use: Scroll            |     2 |     5 ||     7
 Armour: Scale mail        |    40 |       ||    40
         Plate armour      |    16 |    81 ||    97
  Dodge: Dodged            |    43 |    36 ||    79
  Block: Buckler           |    16 |    16 ||    32

Table legend:
 A = Non-vault XP
 B = Vault XP
 C = Vault XP percentage of total XP
 D = Non-vault monster count
 E = Vault monster count
 F = Vault count percentage of total count
                 A         B        C        D         E       F
            +---------+---------+-------+---------+---------+-------
      Total |     321 |      50 |  13.5 |      72 |       7 |   8.9
            +---------+---------+-------+---------+---------+-------
        D:1 |      43 |       0 |   0.0 |      24 |       0 |   0.0
        D:2 |     102 |       0 |   0.0 |      31 |       0 |   0.0
        D:3 |     176 |      50 |  22.1 |      17 |       7 |  29.2
            +---------+---------+-------+---------+---------+-------
